 Dungeon Crawl Stone Soup version 0.29-a0-495-g17b79114eb (webtiles) character file.

Game seed: 4076602488088810330

14 omnomnOMINOUS the Charlatan (level 2, 0/27 HPs)
             Began as an Octopode Wanderer on May 28, 2022.
             Frozen to death by an endoplasm (2 damage)
             ... on level 1 of the Dungeon.
             The game lasted 00:02:25 (608 turns).

omnomnOMINOUS the Charlatan (Octopode Wanderer)      Turns: 608, Time: 00:02:26

Health: 0/27       AC:  1    Str:  7    XL:     2   Next: 41%
Magic:  5/5        EV: 13    Int: 10    God:
Gold:   0          SH:  4    Dex: 19    Spells: 4/5 levels left

rFire   . . .      SeeInvis .   a - +0 dagger
rCold   . . .      Faith    .   f - +0 buckler
rNeg    . . .      Spirit   .   (helmet restricted)
rPois   .          Reflect  .   (no amulet)
rElec   .          Harm     .   (no ring)
rCorr   .          Rampage  .   (no ring)
Will    .....                   (no ring)
Stlth   ..........              (no ring)
HPRegen 0.09/turn               (no ring)
MPRegen 0.09/turn               (no ring)
                                (no ring)
                                (no ring)

@: berserking, very quick
A: almost no armour, amphibious, 8 rings, camouflage 1, gelatinous body 1,
(nimble swimmer 1), tentacles
a: no special abilities


You were on level 1 of the Dungeon.
You visited 1 branch of the dungeon, and saw 1 of its levels.

Inventory:

Hand Weapons
 a - a +0 dagger (weapon)
Armour
 f - a +0 buckler (worn)
Wands
 d - a wand of paralysis (14)
Scrolls
 e - a scroll of enchant weapon {unknown}
 g - a scroll of enchant armour {unknown}
Potions
 b - a potion of lignification
 h - a potion of heal wounds {unknown}
 i - a potion of brilliance {unknown}


   Skills:
 + Level 1.0 Fighting
 + Level 1.5 Dodging
 + Level 1.0 Shields
 - Level 2.0 Spellcasting
 - Level 2.0 Summonings
 - Level 1.0 Invocations
 - Level 4.3 Evocations


You had 4 spell levels left.
You knew the following spells:

 Your Spells              Type           Power      Damage    Failure   Level
a - Summon Small Mammal   Summ           20%        N/A       19%         1

Your spell library contained the following spells:

 Spells                   Type           Power      Damage    Failure   Level
 Summon Guardian Golem    Hex/Summ       3%         N/A       63%         3


Dungeon Overview and Level Annotations

Branches:
Dungeon (1/15)

Altars:


Innate Abilities, Weirdness & Mutations

You cannot wear most types of armour.
You are amphibious.
You can wear up to eight rings at the same time.
Your skin changes colour to match your surroundings (Stealth+).
Your rubbery body absorbs attacks. (AC +1, EV +1)
((You are camouflaged when in or above water. (Stealth+)))
You have tentacles for arms and can constrict up to eight enemies at once.


Message History

You closely miss the kobold. Your grab misses the kobold.
The kobold hits you with a +0 whip.
An endoplasm comes into view.
You barely miss the kobold.
The endoplasm quivers.
You grab the kobold. You squeeze the kobold.
You kill the kobold!
The endoplasm freezes you.
You are frozen.
You open the door. The endoplasm freezes you.
You are frozen.
* * * LOW HITPOINT WARNING * * *
The endoplasm attacks as you move away! The endoplasm hits you.
* * * LOW HITPOINT WARNING * * *
There is an open door here.
You hit the endoplasm.
The endoplasm is lightly wounded.
The endoplasm hits you.
* * * LOW HITPOINT WARNING * * *
A red film seems to cover your vision as you go berserk!
You feel yourself moving faster!
You feel mighty! The endoplasm barely misses you.
You barely miss the endoplasm.
The endoplasm is lightly wounded.
The endoplasm closely misses you.
You puncture the endoplasm!
You kill the endoplasm!
Your Fighting skill increases to level 1!
Your Shields skill increases to level 1!
You closely miss the ball python. You grab the ball python.
You constrict the ball python, but do no damage.
The ball python bites you.
* * * LOW HITPOINT WARNING * * *
The ball python barely misses you.
You barely miss the ball python. You squeeze the ball python.
You kill the ball python!
The endoplasm freezes you.
You are frozen.
You die...

# ##### ### #..(### ..#
#.....## ...
..#########......#### ...
......#...#....J....+ ....
......#...#....#@####.....
......#...#....#'####.....
......#......[.......#....
......#............)...!..
......#...................
..........................
########..................
.. #.#.#......###..... ...
....#....... .....


You could see an endoplasm.

Vanquished Creatures
  A bat (D:1)
  3 endoplasms (D:1)
  A giant cockroach (D:1)
  3 goblins (D:1)
  A quokka (D:1)
  2 ball pythons (D:1)
  A kobold (D:1)
12 creatures vanquished.

Notes
Turn   | Place    | Note
-------+----------+-------------------------------------------
     0 | D:1      | omnomnOMINOUS the Octopode Wanderer began the quest for the
                  | Orb.
     0 | D:1      | omnomnOMINOUS set off with the following items: a +0
                  | dagger, a potion of lignification, a potion of berserk
                  | rage, a wand of paralysis (14); and the following spell
                  | memorised: Summon Small Mammal; and the following spells
                  | available to memorise: Summon Guardian Golem
     0 | D:1      | Reached XP level 1. HP: 11/11 MP: 3/3
   388 | D:1      | Reached XP level 2. HP: 18/18 MP: 5/5
   607 | D:1      | Reached skill level 1 in Fighting
   607 | D:1      | Reached skill level 1 in Shields
   608 | D:1      | Frozen to death by an endoplasm

Illustrated notes

Levels and vault maps discovered:
D:1:      dpeg_arrival_stone_temple_mockup, layout_basic,
          chequers_ecumenical_altar_twisty, chequers_serial_rivers_large_b

Skill      XL: |  1  2 |
---------------+-------+-----
Fighting       | 1 |  1.0
Shields        | 1 |  1.0
Dodging        | |  1.5
Spellcasting   | |  2.0
Summonings     | |  2.0
Invocations    | |  1.0
Evocations     | |  4.3

Action                   || total
-------------------------++-------
Melee: Dagger            ||    25
       Constrict         ||     7
       Tentacles         ||     7
 Cast: Summon Small Mamm ||     1
  Use: Potion            ||     1
 Stab: Sleeping          ||     3
Armor: Skin              ||     1
Dodge: Dodged            ||     8
Block: Buckler           ||     1

Table legend: (Time is in decaauts)
 A = Elapsed time spent in this place.
 B = Non-inter-level travel time spent in this place.
 C = Inter-level travel time spent in this place.
 D = Time resting spent in this place.
 E = Time spent auto-exploring this place.
 F = Levels seen in this place.
 G = Mean time per level.
                   A        B        C        D        E       F      G
               +--------+--------+--------+--------+--------+-----+--------+
         Total |    607 |    607 |      0 |    158 |    339 |   1 |  607.0 |
       Dungeon |    607 |    607 |      0 |    158 |    339 |   1 |  607.0 |
               +--------+--------+--------+--------+--------+-----+--------+

Top non-repeatable levels by time:
     D:1: 607 daAuts
